 Dungeon Crawl Stone Soup version 0.17.0-7-gfadd4cc (webtiles) character file.

784 Hanyuu the Insei (level 7, -1/67 HPs)
             Began as an Octopode Transmuter on Nov 8, 2015.
             Slain by Prince Ribbit (4 damage)
             ... on level 5 of the Dungeon.
             The game lasted 00:11:39 (4824 turns).

Hanyuu the Insei (Octopode Transmuter)              Turns: 4824, Time: 00:11:40

Health: -1/67      AC: 23    Str:  9    XL:     7   Next: 86%
Magic:  7/11       EV:  2    Int: 17    God:
Gold:   104        SH:  0    Dex: 13    Spells: 4 memorised, 4 levels left

rFire  . . .     SeeInvis .       - Unarmed
rCold  . . .     Clarity  .     (no shield)
rNeg   + + +     SustAt   .     (helmet currently unavailable)
rPois  +         Gourm    .     m - amulet of rage
rElec  .         Spirit   .     (no ring)
rCorr  .         Warding  .     (no ring)
rMut   .         NoTele   +     (no ring)
MR     .....                    (no ring)
Stlth  +.........               (no ring)
                                (no ring)
                                (no ring)
                                (no ring)

@: tree-form, very slightly contaminated, not resistant to hostile enchantments,
very unstealthy
A: almost no armour, amphibious, 8 rings, (constrict 8), (camouflage 0),
(gelatinous body 0)
a: Evoke Berserk Rage


You were on level 5 of the Dungeon.
You were not hungry.
You were a tree.
You visited 1 branch of the dungeon, and saw 5 of its levels.

You collected 234 gold pieces.
You spent 130 gold pieces at shops.

Inventory:

Missiles
 a - 65 arrows
 f - 3 tomahawks (quivered)
 n - 5 javelins
 q - 13 poisoned needles
 r - 13 arrows of flame
Jewellery
 m - an amulet of rage (around neck)
 v - an uncursed ring of fire
Scrolls
 g - 2 scrolls of amnesia {unknown}
 h - 2 scrolls of remove curse
 k - 3 scrolls of blinking {unknown}
 s - 2 scrolls of teleportation
 y - 3 scrolls of identify
Potions
 d - a potion of brilliance {unknown}
 e - a potion of heal wounds {unknown}
 i - 2 potions of curing {unknown}
 j - a potion of cancellation {unknown}
 o - 2 potions of agility {unknown}
 p - a potion of degeneration {unknown}
 t - a potion of ambrosia {unknown}
 u - a potion of lignification
 x - a potion of magic {unknown}
Books
 b - a book of Changes

   Spells                             Type                      Level
   a - Beastly Appendage              Transmutation                1
   b - Sticks to Snakes               Transmutation                2
   c - Spider Form                    Transmutation/Poison         3
   d - Ice Form                       Ice/Transmutation            4
   e - Blade Hands                    Transmutation                5
 w - a book of Transfigurations

   Spells                             Type                      Level
   a - Stoneskin                      Transmutation/Earth          2
   b - Irradiate                      Conjuration/Transmutation    5
   c - Statue Form                    Transmutation/Earth          6
   d - Hydra Form                     Transmutation                6
   e - Dragon Form                    Transmutation                7
Comestibles
 c - 2 bread rations
 l - a beef jerky
 z - 8 chunks of flesh


   Skills:
 + Level 2.0 Fighting
 - Level 4.0 Dodging
 + Level 6.5 Unarmed Combat
 - Level 3.0 Spellcasting
 + Level 4.0 Transmutations
 - Level 1.0 Poison Magic


You had 4 spell levels left.
You knew the following spells:

 Your Spells              Type           Power        Failure   Level  Hunger
a - Beastly Appendage     Trmt           ###...       3%          1    None
b - Sticks to Snakes      Trmt           ###.......   6%          2    ##.....
c - Spider Form           Trmt/Pois      ##........   21%         3    ###....
d - Stoneskin             Trmt/Erth      #.......     14%         2    ##.....


Dungeon Overview and Level Annotations

Branches:
Dungeon (5/15)
 Temple: D:4-7

Altars:

Shops:
D:4 *

Annotations:
D:5 Prince Ribbit


Innate Abilities, Weirdness & Mutations

You cannot wear most types of armour.
You are amphibious.
You can wear up to eight rings at the same time.
((You can use your tentacles to constrict eight enemies at once.))
((Your skin changes colour to match your surroundings (Stealth).))
((Your rubbery body absorbs attacks (AC +1).))


Message History

Prince Ribbit hits you but does no damage.
You hit Prince Ribbit.
Prince Ribbit is severely wounded.
Prince Ribbit hits you!
* * * LOW HITPOINT WARNING * * *
You miss Prince Ribbit.
Prince Ribbit is severely wounded.
Prince Ribbit hits you but does no damage.
Prince Ribbit momentarily phases out as your attack passes through him.
Prince Ribbit is severely wounded.
Prince Ribbit hits you!
* * * LOW HITPOINT WARNING * * *
Prince Ribbit mumbles some strange words.
Prince Ribbit looks slightly unstable.
Prince Ribbit momentarily phases out as your attack passes through him.
You punch Prince Ribbit.
Prince Ribbit is almost dead.
Prince Ribbit catches a mosquito with his tongue.
Prince Ribbit hits you.
You die...

#..#####...###
#)# #..# #...#
#.# #..# ##.##
#.# #..# #.#
#.# #..#
#.########.#
...#
#.##.......#
##.
#....#######
###.F# #.♣#
#..# #..# #..#
#..# #..# #..#
...#


You could see Prince Ribbit.

Vanquished Creatures
  2 ogres
  Blork the orc (D:4)
  A crimson imp (D:5)
  2 orc priests (D:3)
  A hound (D:5)
  Crazy Yiuf (D:3)
  Jessica (D:3)
  2 orc wizards (D:3)
  2 worker ants
  Natasha (thrice) (D:3)
  Robin (D:3)
  3 gnolls (D:3)
  7 adders
  A worm (D:3)
  7 giant geckos
  9 orcs
  11 bats
  17 goblins
  9 hobgoblins
  2 jackals (D:1)
  2 quokkas
  5 giant cockroaches
  4 giant newts
  10 kobolds
  A quokka skeleton (D:4)
  10 rats
115 creatures vanquished.

Vanquished Creatures (others)
  A plant (D:1)
1 creature vanquished.

Grand Total: 116 creatures vanquished

Notes
Turn   | Place    | Note
--------------------------------------------------------------
     0 | D:1      | Hanyuu the Octopode Transmuter began the quest for the Orb.
     0 | D:1      | Reached XP level 1. HP: 13/13 MP: 3/3
   250 | D:1      | Reached XP level 2. HP: 18/18 MP: 5/5
   766 | D:1      | Reached skill level 4 in Unarmed Combat
   862 | D:1      | Reached XP level 3. HP: 21/23 MP: 6/6
   866 | D:1      | Learned a level 2 spell: Sticks to Snakes
   870 | D:1      | Learned a level 3 spell: Spider Form
  1300 | D:2      | Reached skill level 1 in Poison Magic
  1322 | D:2      | Reached XP level 4. HP: 24/29 MP: 7/7
  1822 | D:3      | Noticed Jessica
  1825 | D:3      | Killed Jessica
  1906 | D:3      | Reached XP level 5. HP: 17/34 MP: 0/8
  2134 | D:3      | Noticed Robin
  2171 | D:3      | Killed Robin
  2364 | D:3      | Reached skill level 5 in Unarmed Combat
  2673 | D:3      | Reached XP level 6. HP: 13/39 MP: 5/9
  3594 | D:3      | Noticed Natasha
  3599 | D:3      | Killed Natasha
  3599 | D:3      | Reached XP level 7. HP: 43/45 MP: 6/10
  3605 | D:3      | Noticed Crazy Yiuf
  3614 | D:3      | Killed Crazy Yiuf
  4048 | D:3      | Noticed Natasha
  4059 | D:3      | Killed Natasha
  4073 | D:3      | Noticed Natasha
  4129 | D:3      | Killed Natasha
  4278 | D:4      | Learned a level 2 spell: Stoneskin
  4331 | D:4      | Noticed Blork the orc
  4345 | D:4      | Killed Blork the orc
  4345 | D:4      | Reached skill level 6 in Unarmed Combat
  4608 | D:4      | Found Jeonir's General Store.
  4614 | D:4      | Bought a scroll of identify for 26 gold pieces
  4614 | D:4      | Bought a scroll of identify for 26 gold pieces
  4614 | D:4      | Bought a scroll of remove curse for 39 gold pieces
  4614 | D:4      | Bought a scroll of teleportation for 39 gold pieces
  4650 | D:5      | Entered Level 5 of the Dungeon
  4800 | D:5      | Noticed Prince Ribbit
  4823 | D:5      | HP: 3/67 [Prince Ribbit (11)]
  4824 | D:5      | Slain by Prince Ribbit

Action                   |  1- 3 |  4- 6 |  7- 9 || total
-------------------------+-------+-------+-------++-------
Melee: Unarmed           |    94 |   130 |    77 ||   301
 Cast: Beastly Appendage |     2 |    10 |     2 ||    14
       Spider Form       |       |     6 |     6 ||    12
       Stoneskin         |       |       |     1 ||     1
  Use: Scroll            |       |     3 |       ||     3
       Potion            |       |       |     1 ||     1
 Stab: Sleeping          |     5 |     9 |     5 ||    19
  Eat: Chunk             |     1 |     6 |     4 ||    11
       Fruit             |       |     3 |       ||     3
       Beef jerky        |       |       |     1 ||     1
